 Dungeon Crawl Stone Soup version 0.18.1-50-g88ac8fd (webtiles) character file.

143 Apert the Skirmisher (level 5, 0/47 HPs)
             Began as a Hill Orc Fighter on Sept 19, 2016.
             Succumbed to an adder's poison
             ... on level 3 of the Dungeon.
             The game lasted 00:05:35 (2768 turns).

Apert the Skirmisher (Hill Orc Fighter)             Turns: 2768, Time: 00:05:36

Health: 0/47       AC: 10    Str: 20    XL:     5   Next: 25%
Magic:  5/5        EV:  5    Int:  8    God:
Gold:   140        SH:  9    Dex: 10    Spells: 0 memorised, 4 levels left

rFire  . . .     SeeInvis .     a - +0 flail
rCold  . . .     Gourm    .     r - +0 chain mail (curse)
rNeg   . . .     Faith    .     c - +0 shield
rPois  .         Spirit   .     q - +0 helmet
rElec  .         Dismiss  .     (no cloak)
rCorr  .         Reflect  .     (no gloves)
SustAt .         Harm     .     (no boots)
MR     .....                    (no amulet)
Stlth  ..........               (no ring)
                                s - ring of flight

@: lethally poisoned (0 -> -1), not resistant to hostile enchantments, extremely
unstealthy
A: no striking features
a: Evoke Flight


You were on level 3 of the Dungeon.
You were hungry.

You visited 1 branch of the dungeon, and saw 3 of its levels.

You collected 140 gold pieces.

Inventory:

Hand Weapons
 a - a +0 flail (weapon)
Armour
 b - a +0 scale mail
 c - a +0 shield (worn)
 q - a +0 helmet (worn)
 r - a cursed +0 chain mail (worn)
Jewellery
 s - a ring of flight (left hand)
Scrolls
 e - 4 scrolls of identify {unknown}
 h - 2 scrolls of teleportation {unknown}
 j - a scroll of remove curse {unknown}
 l - a scroll of recharging {unknown}
 m - a scroll of amnesia {unknown}
 n - a scroll of blinking {unknown}
 p - a scroll of magic mapping {unknown}
Potions
 d - a potion of might
 i - a potion of heal wounds {unknown}
 k - a potion of cancellation {unknown}
Books
 o - a Grand Grimoire

   Spells                             Type                      Level
   a - Monstrous Menagerie            Summoning                    7
   b - Summon Greater Demon           Summoning                    7
   c - Malign Gateway                 Summoning/Translocation      7
   d - Summon Horrible Things         Summoning                    8
Comestibles
 f - 3 bread rations
 g - 7 chunks of flesh


   Skills:
 + Level 4.4 Fighting
 + Level 3.0 Maces & Flails
 + Level 4.2 Armour
 + Level 1.1 Dodging
 + Level 0.1 Stealth
 + Level 4.2 Shields


You had 4 spell levels left.
You didn't know any spells.

Dungeon Overview and Level Annotations

Branches:
Dungeon (3/15)

Altars:
Nemelex Xobeh


Message History

The adder closely misses you.
You miss the adder.
You feel sick. The adder bites you but does no damage.
Your shield and chain mail prevent you from hitting the adder.
The adder bites you but does no damage. x2
You barely miss the adder.
The adder bites you but does no damage. x2
Your chain mail prevents you from hitting the adder.
You feel sick. The adder bites you but does no damage.
The adder barely misses you.
You miss the adder. The adder bites you but does no damage.
You thump the adder!
You kill the adder!
The kobold hits you with a short sword.
* * * LOW HITPOINT WARNING * * *
You completely miss the kobold.
* * * LOW HITPOINT WARNING * * *
You feel sick. The kobold hits you but does no damage.
You sock the kobold!
You kill the kobold!
You see here a short sword.
You die...

#....#####(#.#.#..#
..###..........##..#
#.# .####..........#
#. #.......... #
#......####
#.........#
#####.###.# #)### #
##@..# ######....#
#.........#
#.......(.#
#.............#
................
........<..(.....
###.........)..##
#........#####


There were no monsters in sight!

Vanquished Creatures
  Robin (D:3)
  4 adders
  2 oozes
  4 worms
  4 dart slugs
  4 giant geckos
  An orc (D:3)
  2 bats
  2 giant cockroaches (D:3)
  14 goblins
  7 hobgoblins
  A quokka (D:2)
  3 giant newts
  10 kobolds
  7 rats
  A plant (D:2)
67 creatures vanquished.

Notes
Turn   | Place    | Note
--------------------------------------------------------------
     0 | D:1      | Apert the Hill Orc Fighter began the quest for the Orb.
     0 | D:1      | Reached XP level 1. HP: 19/19 MP: 1/1
   158 | D:1      | Reached XP level 2. HP: 24/27 MP: 2/2
   424 | D:1      | Reached XP level 3. HP: 29/33 MP: 3/3
   738 | D:2      | Found a sparkling altar of Nemelex Xobeh.
   928 | D:2      | Reached XP level 4. HP: 21/40 MP: 4/4
  1847 | D:3      | Noticed a phantom
  1887 | D:2      | HP: 2/40 [hobgoblin/club (3)]
  2310 | D:3      | Reached skill level 1 in Dodging
  2322 | D:3      | Noticed Robin
  2364 | D:3      | Killed Robin
  2364 | D:3      | Reached XP level 5. HP: 17/47 MP: 5/5
  2764 | D:3      | HP: 1/47 [kobold/short sword (2)]
  2768 | D:3      | Succumbed to an adder's poison

Skill      XL: |  1  2  3  4  5 |
---------------+----------------+-----
Fighting       | 4 |  4.4
Shields        | 4 |  4.2
Armour         | 4 |  4.2
Dodging        | 1 |  1.1
Maces & Flails | 3 |  3.0
Stealth        | |  0.1

Action                   |  1- 3 |  4- 6 || total
-------------------------+-------+-------++-------
Melee: Flail             |   114 |   198 ||   312
  Use: Potion            |       |     1 ||     1
  Eat: Meat ration       |       |     1 ||     1
       Chunk             |       |     1 ||     1
Armor: Scale mail        |    41 |    57 ||    98
       Chain mail        |       |    36 ||    36
Dodge: Dodged            |    27 |    59 ||    86
Block: Shield            |    51 |    96 ||   147
